cohdb
Replays
Latest Replays
All Replays
Popular Replays
Top Player Replays
Match Explorer
How It Works
Community
CoH3 Stats
Reddit
Sign in to upload your games and track your stats! →
Sign in with Steam
Match 45490461
Unlisted
Match 45490461
Overview
Messages
Build Orders
End
Construct Barracks
Engineer Squad
Selects Advanced Infantry Battlegroup
Riflemen Squad
Grenade Package
Riflemen Squad
Riflemen Squad
Selects Convert to Ranger Squad
Infantry Support Center
Selects Frontline Medical Station
Frontline Medical Station
Construct Motor Pool
M1 Anti-tank Gun Team
Selects Ammunition Storage
Advanced Logistics
Riflemen Squad
Selects M2A1 105mm Howitzer Emplacement
Selects Free Fire Drills
con_007
Cpt Darling
一百六十四号重罪犯
jwalker987
dl5277
OKW 1st Guards Motor
[LTD] Charette
cds700
0
0
Comments
sign in to comment!
No comments posted yet!